 Dungeon Crawl Stone Soup version 0.26-a0-639-g72c4674329 (webtiles) character file.

Game seed: 7043443174939616472

34 DogServant the Magician (level 3, -1/19 HPs)
             Began as a Deep Elf Air Elementalist on Sept 15, 2020.
             Killed from afar by a white imp (7 damage)
             ... with a puff of frost
             ... on level 2 of the Dungeon.
             The game lasted 00:02:15 (1230 turns).

DogServant the Magician (Deep Elf Air Elementalist) Turns: 1230, Time: 00:02:16

Health: -1/19      AC:  3    Str:  5    XL:     3   Next: 14%
Magic:  3/10       EV: 13    Int: 20    God:
Gold:   65         SH:  0    Dex: 15    Spells: 8/9 levels left

rFire    . . .     SeeInvis .   e - +0 whip
rCold    . . .     Faith    .   (no shield)
rNeg     . . .     Spirit   .   a - +0 robe
rPois    .         Reflect  .   (no helmet)
rElec    .         Harm     .   l - +0 cloak
rCorr    .         Rampage  .   (no gloves)
MR       .....                  (no boots)
Stlth    ++........             (no amulet)
HPRegen  0.06/turn              (no ring)
MPRegen  0.12/turn              (no ring)

@: no status effects
A: no striking features
a: no special abilities


You were on level 2 of the Dungeon.
You visited 1 branch of the dungeon, and saw 2 of its levels.

You collected 65 gold pieces.

Inventory:

Hand Weapons
 e - a +0 whip (weapon)
Armour
 a - a +0 robe (worn)
 l - a +0 cloak (worn)
Jewellery
 n - an uncursed ring of ice {unknown}
Scrolls
 b - a scroll of amnesia {unknown}
 d - 2 scrolls of identify {unknown}
 h - a scroll of remove curse {unknown}
 i - a scroll of fear {unknown}
 j - a scroll of magic mapping {unknown}
Potions
 c - 2 potions of haste {unknown}
 f - a potion of cancellation {unknown}
 g - a potion of ambrosia {unknown}
 k - a potion of stabbing {unknown}
 m - a potion of invisibility {unknown}


   Skills:
 + Level 2.8 Dodging
 + Level 3.0 Stealth
 + Level 3.7 Spellcasting
 + Level 1.1 Conjurations
 + Level 3.4 Air Magic


You had 8 spell levels left.
You knew the following spells:

 Your Spells              Type           Power        Failure   Level
a - Shock                 Conj/Air       ##..         5%          1

Your spell library contained the following spells:

 Spells                   Type           Power        Failure   Level
 Swiftness                Air            ###.....     4%          2
 Static Discharge         Conj/Air       ##......     16%         3
 Airstrike                Air            ###.......   32%         4
 Lightning Bolt           Conj/Air       ##........   82%         5


Dungeon Overview and Level Annotations

Branches:
Dungeon (2/15)

Altars:


Message History

The zap misses the white imp.
Casting: Shock (safe; 5% risk of failure)
Confirm with . or Enter, or press ? or * to list all spells.
Aiming: Shock (safe; 5% risk of failure)
Press: ? - help, Shift-Dir - straight line, f/p - white imp
Aim: a white imp (lightly wounded)
The zap hits the white imp but does no damage.
The white imp is lightly wounded.
The white imp hits you but does no damage.
A kobold comes into view. It is wielding a +0 dagger.
Casting: Shock (safe; 5% risk of failure)
Confirm with . or Enter, or press ? or * to list all spells.
Aiming: Shock (safe; 5% risk of failure)
Press: ? - help, Shift-Dir - straight line, f/p - white imp
Aim: a white imp (lightly wounded)
The zap hits the white imp.
The white imp is moderately wounded.
The white imp gestures at you. The puff of frost hits you!
You die...

#.†.K. #..). #..$.
... ... #.# #5#
#@# #.# #.#
#.################
#.................
##################


You could see a white imp and a kobold.

Vanquished Creatures
  A worm (D:2)
  A dart slug (D:1)
  2 goblins (D:1)
  7 hobgoblins
  3 jackals
  2 bats
  2 frilled lizards (D:1)
  3 kobolds (D:1)
  6 rats
27 creatures vanquished.

Notes
Turn   | Place    | Note
-------+----------+-------------------------------------------
     0 | D:1      | DogServant the Deep Elf Air Elementalist began the quest
                  | for the Orb.
     0 | D:1      | Reached XP level 1. HP: 10/10 MP: 6/6
   234 | D:1      | Reached XP level 2. HP: 15/15 MP: 1/8
  1034 | D:2      | Reached XP level 3. HP: 19/19 MP: 3/10
  1230 | D:2      | Killed from afar by a white imp

Illustrated notes

Levels and vault maps discovered:
D:1:      evilmike_arrival_hilbert_curve, layout_loops_ring, minmay_vboxes
D:2:      minmay_evil_eye, layout_basic

Skill      XL: |  1  2 |
---------------+-------+-----
Stealth        | 3 |  3.0
Dodging        | |  2.8
Spellcasting   | |  3.7
Conjurations   | |  1.1
Air Magic      | |  3.4

Action                   || total
-------------------------++-------
Melee: Whip              ||     7
 Cast: Shock             ||    60
Armor: Robe              ||     3
Dodge: Dodged            ||    15

Table legend: (Time is in decaauts)
 A = Elapsed time spent in this place.
 B = Non-inter-level travel time spent in this place.
 C = Inter-level travel time spent in this place.
 D = Time resting spent in this place.
 E = Time spent auto-exploring this place.
 F = Levels seen in this place.
 G = Mean time per level.
                   A        B        C        D        E       F      G
               +--------+--------+--------+--------+--------+-----+--------+
         Total |   1230 |   1226 |      4 |    181 |    908 |   2 |  615.0 |
       Dungeon |   1230 |   1226 |      4 |    181 |    908 |   2 |  615.0 |
               +--------+--------+--------+--------+--------+-----+--------+

Top non-repeatable levels by time:
     D:1: 942 daAuts
     D:2: 287 daAuts
